 Dungeon Crawl Stone Soup version 0.32-a0-673-g3729bd50f8 (webtiles) character file.

Game seed: 12036357580230097909

6899 Pooter the Cleaver (level 10, -1/81 HPs)
             Began as a Minotaur Monk on Mar 8, 2024.
             Was a Priest of Hepliaklqana.
             Slain by a centaur warrior
             ... wielding a +0 dagger
              (11 damage)
             ... on level 8 of the Dungeon on Mar 10, 2024.
             The game lasted 00:45:03 (9190 turns).

Pooter the Cleaver (Minotaur Monk)                  Turns: 9190, Time: 00:45:04

Health: -1/81      AC: 14    Str: 27    XL:     10   Next: 79%
Magic:  11/11      EV: 11    Int:  7    God:    Hepliaklqana [***...]
Gold:   71         SH:  0    Dex: 12    Spells: 9/9 levels left

rFire   + . .        a - +0 war axe
rCold   + . .        d - orb {light}
rNeg    . . .        l - +4 scale mail of the Thistle {rF+ Stlth+}
rPois   .            (helmet restricted)
rElec   .            J - +0 cloak
rCorr   .            D - +1 pair of gloves
SInv    .            o - +0 pair of boots
Will    .....        (no amulet)
Stlth   +            L - +6 ring of strength
HPRegen 0.33/turn    I - ring of protection from cold
MPRegen 0.12/turn

%: no passive effects
@: glowing
A: reduced essence, horns 2, retaliatory headbutt
a: Renounce Religion, Recall Ancestor, Ancestor Identity, Transference


You were on level 8 of the Dungeon.
You worshipped Hepliaklqana.
Hepliaklqana was most pleased with you.
You visited 2 branches of the dungeon, and saw 9 of its levels.
You also visited: Sewer.

You collected 467 gold pieces.
You spent 396 gold pieces at shops.

Inventory:

Hand Weapons
 a - a +0 war axe (weapon)
   (You found it on level 5 of the Dungeon)
 b - a +0 sling
   (You found it on level 2 of the Dungeon)
 u - a +0 trident
   (You took it off an orc on level 4 of the Dungeon)
 v - a +0 hand axe
 y - a +2 flail of holy wrath
   (You took it off an orc priest on level 4 of the Dungeon)
Missiles
 e - 22 poisoned darts
 s - 5 silver javelins
 B - 3 curare-tipped darts
 F - 8 boomerangs (quivered)
 H - 5 javelins
 Q - 72 stones
Armour
 d - an orb of light (worn)
 l - the +4 scale mail of the Thistle (worn) {rF+ Stlth+}
   (You took it off a tengu warrior on level 8 of the Dungeon)

   rF+:       It protects you from fire.
   Stlth+:    It makes you more stealthy.
 m - a +2 scale mail of cold resistance
   (You took it off an orc on level 8 of the Dungeon)
 o - a +0 pair of boots (worn)
   (You found it on level 3 of the Dungeon)
 D - a +1 pair of gloves (worn)
   (You found it on level 5 of the Dungeon)
 G - a +1 plate armour
   (You took it off an orc warrior on level 6 of the Dungeon)
 J - a +0 cloak (worn)
   (You found it on level 7 of the Dungeon)
Jewellery
 g - a ring of magical power
   (You found it on level 1 of the Dungeon)
 I - a ring of protection from cold (right hand)
   (You took it off a gnoll on level 7 of the Dungeon)
 L - a +6 ring of strength (left hand)
   (You bought it in a shop on level 4 of the Dungeon)
Wands
 C - a wand of warping (5)
   (You took it off Ijyb on level 5 of the Dungeon)
Scrolls
 k - 2 scrolls of fog
 n - a scroll of vulnerability {unknown}
 q - 2 scrolls of amnesia
 r - a scroll of torment {unknown}
 t - 3 scrolls of teleportation {@r4}
 w - a scroll of revelation
 E - a scroll of noise {!r}
 K - a scroll of silence {unknown}
 O - a scroll of poison {!r}
 P - a scroll of enchant weapon {unknown}
Potions
 c - a potion of ambrosia
 f - 2 potions of attraction {unknown}
 h - 2 potions of might {unknown}
 i - 7 potions of curing {@q1}
 j - 2 potions of mutation {unknown}
 p - a potion of brilliance {unknown}
 x - a potion of magic {unknown}
 z - 2 potions of enlightenment
 M - a potion of degeneration {unknown}
Miscellaneous
 A - a phial of floods
   (You found it on level 8 of the Dungeon)
 N - a lightning rod (4/4) {!a}
   (You found it on level 8 of the Dungeon)


   Skills:
 + Level 9.3 Fighting
 * Level 12.6 Axes
 * Level 10.9 Ranged Weapons
 - Level 3.2 Dodging
 - Level 1.3 Stealth
 + Level 3.9 Invocations


You had 9 spell levels left.
You didn't know any spells.
Your spell library contained the following spells:

 Spells                   Type           Power      Damage    Failure   Level
 Freeze                   Ice            0%         1d3       73%         1
 Sandblast                Erth           0%         2d4       73%         1
 Frozen Ramparts          Ice            0%         1d1       97%         3
 Fugue of the Fallen      Necr           0%         N/A       97%         3
 Hailstorm                Conj/Ice       0%         3d5       97%         3
 Inner Flame              Hex/Fire       0%         N/A       97%         3
 Ozocubu's Armour         Ice            0%         N/A       97%         3
 Passwall                 Erth           0%         N/A       97%         3
 Stone Arrow              Conj/Erth      0%         3d7       97%         3
 Summon Ice Beast         Ice/Summ       0%         N/A       97%         3
 Tukima's Dance           Hex            0%         N/A       97%         3
 Anguish                  Hex/Necr       0%         N/A       100%        4
 Brom's Barrelling Bould  Conj/Erth      0%         2d3       100%        4
 Manifold Assault         Tloc           0%         N/A       100%        4
 Martyr's Knell           Necr/Summ      0%         N/A       100%        4
 Passage of Golubria      Tloc           0%         N/A       100%        4
 Irradiate                Conj/Alch      0%         3d11      100%        5
 Summon Mana Viper        Hex/Summ       0%         N/A       100%        5
 Yara's Violent Unravell  Hex/Alch       0%         3d3       100%        5
 Monstrous Menagerie      Summ           0%         N/A       100%        7
 Spellforged Servitor     Conj/Summ      0%         N/A       100%        7
 Ignition                 Fire           0%         3d3       100%        8


Dungeon Overview and Level Annotations

Branches:
Dungeon (8/15) Zot: 25595  Temple (1/1) D:5 Zot: 5843    Lair (0/5) D:8
  Sewer (visited)

Altars:
Ashenzari
Cheibriados
Dithmenos
Elyvilon
Gozag
Hepliaklqana
Kikubaaqudgha
Makhleb
Nemelex Xobeh
Okawaru
Qazlal
Ru
Sif Muna
Trog
Uskayaw
Vehumet
Wu Jian
Xom
Yredelemnul
Zin
The Shining One

Shops:
D:4 =

Portals:
Abyss: D:7

Annotations:
D:7 2 transporters, hattop's ghost, novice CoHu


Innate Abilities, Weirdness & Mutations

Your life essence is reduced to manifest your ancestor. (-10% HP)
You have a pair of horns on your head.
You reflexively headbutt those who attack you in melee.


Message History

The centaur warrior shoots an arrow.
The arrow hits you!
You are too injured to fight recklessly!
You are too injured to fight recklessly!
You are too injured to fight recklessly!
The centaur warrior unwields a +0 orcbow.
The centaur warrior wields a +0 dagger.
The centaur warrior hits you with a +0 dagger!
* * * LOW HITPOINT WARNING * * *
The centaur warrior kicks you but does no damage.
You hit the centaur warrior but do no damage.
You headbutt the centaur warrior.
The centaur warrior hits you with a +0 dagger.
* * * LOW HITPOINT WARNING * * *
The centaur warrior kicks you but does no damage.
Hit: a) +0 war axe
Press: ? - help, Dir - move target Your weapon can't reach that far!
Okay, then.
Unknown command.
You slice the centaur warrior!! You headbutt the centaur warrior.
The centaur warrior hits you with a +0 dagger!
* * * LOW HITPOINT WARNING * * *
The centaur warrior kicks you.
* * * LOW HITPOINT WARNING * * *
You hit the centaur warrior.
The centaur warrior hits you with a +0 dagger.
* * * LOW HITPOINT WARNING * * *
The centaur warrior kicks you.
* * * LOW HITPOINT WARNING * * *
You hit the centaur warrior.
The centaur warrior hits you with a +0 dagger.
* * * LOW HITPOINT WARNING * * *
The centaur warrior barely misses you.
The centaur warrior hits you but does no damage.
The centaur warrior barely misses you.
Unknown command.
You slash the centaur warrior!
Your headbutt misses the centaur warrior.
The centaur warrior hits you but does no damage.
The centaur warrior kicks you but does no damage.
You slash the centaur warrior!
The centaur warrior hits you with a +0 dagger!
* * * LOW HITPOINT WARNING * * *
The centaur warrior kicks you.
* * * LOW HITPOINT WARNING * * *
You hit the centaur warrior but do no damage.
You headbutt the centaur warrior.
The centaur warrior hits you with a +0 dagger!
You die...
Hepliaklqana delivers you to your ancestors.

#......#
####
#.####.#
*,* #.#
#.####.#
#......#
######.#
#.# #R#
#@#
******#c#
*,,,,,..#
*****####


You could see the friendly Vudolo the hexer and a centaur warrior (ally target).

Vanquished Creatures
  A boulder beetle (D:8)
  A tengu warrior (D:8)
  2 gargoyles
  A vampire (D:8)
  2 steam dragons (D:8)
  Menkaure (D:4)
  A water moccasin (D:7)
  An orc warrior (D:6)
  4 sky beasts (D:8)
  2 ice beasts
  An ogre (D:6)
  2 black bears
  A phantom (D:6)
  A lemure (D:7)
  5 kobold brigands
  3 bullfrogs
  A gnoll sergeant (D:8)
  4 scorpions
  5 wights
  2 howler monkeys (D:5)
  5 hounds
  2 jellies
  6 orc priests
  3 iguanas
  Ijyb (D:5)
  5 orc wizards
  5 adders
  5 gnolls
  2 river rats (Sewer)
  2 white imps (D:8)
  3 ufetubi
  3 dart slugs
  2 ribbon worms (D:3)
  24 orcs
  6 endoplasms
  6 giant cockroaches
  2 goblins (D:3)
  7 hobgoblins
  2 jackals
  13 kobolds
  8 quokkas
  6 ball pythons
  3 frilled lizards (D:3)
  11 rats
173 creatures vanquished.

Vanquished Creatures (collateral kills)
  Pikel (D:7)
  Prince Ribbit (D:7)
  A wraith (D:8)
  Edmund (D:5)
  2 lemures (D:7)
  A kobold brigand (D:8)
  2 bullfrogs (D:8)
  A gnoll sergeant (D:7)
  2 wights
  A howler monkey (D:8)
  2 hounds (D:6)
  2 iguanas
  An orc wizard (D:6)
  2 gnolls
  An adder (D:6)
  A shadow imp (D:8)
  An ufetubus (D:6)
  7 orcs
  2 kobolds (D:8)
32 creatures vanquished.

Vanquished Creatures (others)
  A hexer (D:7)
1 creature vanquished.

Grand Total: 206 creatures vanquished

Notes
Turn   | Place    | Note
-------+----------+-------------------------------------------
     0 | D:1      | Pooter the Minotaur Monk began the quest for the Orb.
     0 | D:1      | Reached XP level 1. HP: 19/19 MP: 0/0
   558 | D:1      | Reached XP level 2. HP: 21/27 MP: 1/1
   561 | D:1      | Reached skill level 4 in Axes
   753 | D:2      | Reached skill level 1 in Stealth
   960 | D:2      | Reached XP level 3. HP: 33/33 MP: 2/2
  1609 | D:3      | Upgraded the game from 0.32-a0-643-ga006e7742e to
                  | 0.32-a0-673-g3729bd50f8
  1645 | D:3      | Reached skill level 1 in Ranged Weapons
  1645 | D:3      | Reached XP level 4. HP: 37/40 MP: 3/3
  1839 | D:3      | Reached skill level 5 in Axes
  2033 | D:4      | Reached XP level 5. HP: 47/47 MP: 4/4
  2292 | D:4      | Noticed Menkaure
  2380 | D:4      | Killed Menkaure
  2381 | D:4      | Reached skill level 6 in Axes
  2381 | D:4      | Reached XP level 6. HP: 29/55 MP: 5/5
  2508 | D:4      | Reached skill level 5 in Fighting
  2575 | D:4      | Found Etir's Jewellery Shoppe.
  2952 | D:4      | Found a basalt altar of Yredelemnul.
  3318 | D:5      | Entered Level 5 of the Dungeon
  3325 | D:5      | Reached XP level 7. HP: 61/61 MP: 6/6
  3389 | D:5      | Reached skill level 7 in Axes
  3421 | D:5      | Noticed Edmund
  3445 | D:5      | Reached skill level 5 in Ranged Weapons
  3469 | D:5      | Found a glowing drain.
  3482 | Sewer    | Entered a sewer
  3971 | Sewer    | Found a white marble altar of Elyvilon.
  4238 | D:5      | Found a staircase to the Ecumenical Temple.
  4240 | D:5      | Noticed Ijyb
  4254 | D:5      | Killed Ijyb
  4291 | Temple   | Entered the Ecumenical Temple
  4370 | Temple   | Became a worshipper of Hepliaklqana the Forgotten
  4370 | Temple   | Reached * piety under Hepliaklqana
  4370 | Temple   | Reached ** piety under Hepliaklqana
  4371 | Temple   | Remembered your ancestor Vudolo as a hexer
  4597 | D:5      | Reached XP level 8. HP: 61/63 MP: 7/7
  4659 | D:5      | Killed Edmund
  4660 | D:5      | Reached skill level 8 in Axes
  5243 | D:6      | Identified the +4 short sword of the Hills {holy, +Blink
                  | rElec rF- Int+7}
  5414 | D:6      | Reached skill level 9 in Axes
  5625 | D:6      | Found a sparkling altar of Nemelex Xobeh.
  5785 | D:6      | Found a burning altar of Makhleb.
  6104 | D:7      | Noticed a gargoyle
  6427 | D:7      | Reached XP level 9. HP: 71/71 MP: 8/8
  6467 | D:7      | Reached skill level 10 in Axes
  6472 | D:7      | Killed a gargoyle
  6638 | D:7      | Reached *** piety under Hepliaklqana
  6765 | D:7      | Identified the +1 leather armour of Levity {rPois Will+
                  | Str+2}
  6802 | D:7      | Found a transporter.
  6809 | D:7      | Found a one-way gate to the infinite horrors of the Abyss.
  6809 | D:7      | Noticed hattop's ghost (novice CoHu)
  6833 | D:7      | Noticed a rust devil
  6837 | D:7      | Found a transporter.
  6939 | D:7      | Noticed Prince Ribbit
  6947 | D:7      | Reached skill level 1 in Invocations
  6966 | D:7      | Killed Prince Ribbit
  7248 | D:4      | Bought a +6 ring of strength for 396 gold pieces
  7377 | D:7      | Noticed Pikel
  7393 | D:7      | Killed Pikel
  7394 | D:7      | Reached skill level 11 in Axes
  7787 | D:8      | Found a staircase to the Lair.
  8041 | D:8      | Noticed a boulder beetle
  8046 | D:8      | Reached XP level 10. HP: 81/81 MP: 10/10
  8075 | D:8      | Killed a boulder beetle
  8076 | D:8      | Reached skill level 10 in Ranged Weapons
  8242 | D:8      | Identified the +4 scale mail of the Thistle {rF+ Stlth+}
  8242 | D:8      | Noticed a tengu warrior
  8679 | D:8      | Killed a tengu warrior
  8680 | D:8      | Reached skill level 12 in Axes
  8718 | D:8      | Noticed a gargoyle
  8736 | D:8      | Killed a gargoyle
  8971 | D:8      | Got the Guide on Mighty Last Rites
  9160 | D:8      | Found a radiant altar of Vehumet.
  9179 | D:8      | Noticed a centaur warrior
  9190 | D:8      | Slain by a centaur warrior

Illustrated notes

Levels and vault maps discovered:
D:1:      co_arrival_two_rings, layout_loops_ring, minmay_tetromino_o2
D:2:      layout_basic, interstate_on_off, roderic_roman_lattice,
          kennysheep_generic_room_3
D:3:      layout_basic
D:4:      layout_cave_pods, kennysheep_little_box, serial_shops, shop,
          uniq_menkaure
D:5:      layout_basic, minmay_temple_entry_large_hall, gup_sewer_entry_pipe,
          uniq_ijyb, uniq_edmund
D:6:      layout_gridville, makhleb_heckhound_becter,
          mainiacjoe_overflow_tiny_flanked
D:7:      layout_loops_ring, gammafunk_ghost_abyssal_escape,
          minmay_splitting_lines, minmay_chambers_of_fives, uniq_prince_ribbit1,
          uniq_pikel
D:8:      minmay_the_grid_octo_tiled_squarecenter [minmay_the_grid_octo_horde,
          minmay_the_grid_octo_tetromino_candy, minmay_the_grid_octo_pinwheel,
          minmay_the_grid_octo_chip,
          minmay_the_grid_square_5x5_megaprize_crossed,
          minmay_the_grid_square_5x5_lines, minmay_the_grid_square_5x5_inner_v,
          minmay_the_grid_square_5x5_two, minmay_the_grid_square_5x5_plus],
          layout_basic, mainiacjoe_overflow_chevrons, mainiacjoe_overflow_paths,
          hangedman_decor_slide_cut
Temple:   minmay_crystal_spiral_temple

Skill      XL: |  1  2  3  4  5  6  7  8  9 10 |
---------------+-------------------------------+-----
Axes           | 4 5 6 7 9 11 12 | 12.6
Stealth        | 1 |  1.3
Fighting       | 4 5 6 7 8 9 |  9.3
Ranged Weapons | 1 2 3 4 5 7 9 10 | 10.9
Invocations    | 2 3 |  3.9
Dodging        | |  3.2

Action                     |  1- 3 |  4- 6 |  7- 9 | 10-12 || total
---------------------------+-------+-------+-------+-------++-------
  Melee: Hand axe          |    42 |    18 |       |       ||    60
         Headbutt          |     7 |    15 |    72 |    32 ||   126
         Flail             |       |    21 |   163 |       ||   184
         War axe           |       |       |   119 |   100 ||   219
         Trident           |       |       |     1 |       ||     1
   Fire: Sling             |    16 |    59 |    62 |       ||   137
  Throw: Dart              |       |     3 |     6 |       ||     9
         Stone             |       |       |     2 |       ||     2
 Invoke: Ancestor Life: He |       |       |     1 |       ||     1
         Transference      |       |       |       |     1 ||     1
  Evoke: Wand              |       |       |       |     2 ||     2
    Use: Scroll            |     3 |       |     7 |     1 ||    11
         Potion            |       |       |       |     1 ||     1
   Stab: Confused          |       |       |     4 |     2 ||     6
         Distracted        |       |       |     2 |     1 ||     3
 Armour: Robe              |     6 |       |       |       ||     6
         Scale mail        |    35 |    37 |    58 |    45 ||   175
         Plate armour      |       |       |    69 |    68 ||   137
  Dodge: Dodged            |    29 |    32 |    78 |    36 ||   175

Table legend: (Time is in decaauts)
 A = Elapsed time spent in this place.
 B = Non-inter-level travel time spent in this place.
 C = Inter-level travel time spent in this place.
 D = Time resting spent in this place.
 E = Time spent auto-exploring this place.
 F = Levels seen in this place.
 G = Mean time per level.
                   A        B        C        D        E       F      G
               +--------+--------+--------+--------+--------+-----+--------+
         Total |   9321 |   8922 |    399 |   2154 |   5027 |  10 |  932.1 |
       Dungeon |   8383 |   8059 |    324 |   1823 |   4886 |   8 | 1047.9 |
        Temple |    156 |     81 |     75 |      0 |      0 |   1 |  156.0 |
         Sewer |    781 |    781 |      0 |    331 |    141 |   1 |  781.0 |
               +--------+--------+--------+--------+--------+-----+--------+

Top non-repeatable levels by time:
     D:7: 1696 daAuts
     D:6: 1305 daAuts
     D:4: 1256 daAuts
     D:5: 1030 daAuts
     D:8: 989 daAuts
     D:2: 832 daAuts
   Sewer: 781 daAuts
     D:1: 712 daAuts
     D:3: 559 daAuts
  Temple: 156 daAuts
